AoeStats
← LeCoumik

Arabia

503197156Analyzed
3v3 RM · 1mo ago on Aug 30, 2026· 51m 21s· 6 players
Game mode
Random Map
Map size
Normal (6 player)
Population
200
Speed
Normal
Resources
Standard
Victory
Conquest
Starting age
Dark Age
Ending age
Imperial Age
RankedLock teamsTeams togetherTeam positionsShared explorationLock speedFull tech treeHidden civsTurbo modeCheats
Victory
Defeat
🇮🇳 Sicilians · India
860
+15
🇮🇳 Cumans · India
842
+16
🇮🇳 Slavs · India
777
+19
🇫🇷 Britons · France
899
-56
🇫🇷 Goths · France
839
-43
🇫🇷 Britons · France
808
-38
Antriksh
10:13 Feudal Age
12:02 Double-Bit Axe
12:04 Horse Collar
14:12 Loom
18:14 Scale Mail Armor
21:36 Forging
22:35 Wheelbarrow
27:50 Castle Age
30:05 Hand Cart
29:35 Town Watch
31:25 Heavy Plow
33:09 Husbandry
33:20 Bloodlines
33:10 Arson
33:25 Squires
33:13 Gambesons
36:57 Ballistics
37:18 Town Patrol
39:51 Imperial Age
38:30 Gold Mining
38:31 Stone Mining
43:56 Bow Saw
44:22 Crop Rotation
45:00 Iron Casting
44:42 Chain Mail Armor
44:13 Elite Serjeant
45:22 Capped Ram
45:51 Cavalier
49:29 Plate Mail Armor
49:59 Blast Furnace
49:00 Padded Archer Armor
48:52 Fletching
50:25 Siege Ram
51:30 Herbal Medicine
cheekypopcorn
8:13 Loom
10:09 Feudal Age
10:49 Man-at-Arms
20:26 Wheelbarrow
19:42 Double-Bit Axe
26:32 Castle Age
25:19 Scale Mail Armor
25:30 Forging
26:34 Gold Mining
26:34 Stone Mining
26:43 Stone Mining
29:30 Elite Skirmisher
31:39 Iron Casting
31:20 Chain Mail Armor
30:31 Long Swordsman
38:08 Detinets
38:49 Hand Cart
38:22 Horse Collar
40:46 Ballistics
41:21 Bow Saw
44:39 Imperial Age
45:20 Elite Boyar
47:48 Chemistry
48:20 Scale Barding Armor
48:31 Heavy Scorpion
48:44 Heavy Scorpion
50:40 Two-Man Saw
49:45 Heavy Plow
50:23 Gold Shaft Mining
vasuJIoel
6:03 Loom
12:07 Feudal Age
15:11 Gold Mining
21:53 Castle Age
21:34 Horse Collar
21:57 Double-Bit Axe
27:15 Bloodlines
27:15 Heavy Plow
30:39 Gold Shaft Mining
30:23 Bow Saw
32:50 Wheelbarrow
32:24 Scale Barding Armor
32:43 Forging
37:22 Imperial Age
35:12 Hand Cart
35:28 Stone Mining
35:33 Capped Ram
37:43 Chain Barding Armor
38:17 Cavalier
39:35 Iron Casting
41:21 Blast Furnace
41:31 Plate Barding Armor
43:03 Siege Ram
45:31 Paladin
medvedevodka
1:32 Loom
11:01 Feudal Age
9:21 Loom
11:27 Double-Bit Axe
11:38 Gold Mining
13:32 Wheelbarrow
15:24 Forging
15:20 Scale Mail Armor
19:47 Man-at-Arms
21:50 Horse Collar
27:12 Castle Age
28:05 Bow Saw
27:58 Heavy Plow
28:38 Gold Shaft Mining
29:30 Crossbowman
31:10 Hand Cart
37:47 Fletching
38:01 Padded Archer Armor
LeCoumik
8:43 Loom
16:00 Feudal Age
17:53 Man-at-Arms
22:59 Castle Age
CRACKOW.
9:44 Loom
12:39 Feudal Age
15:53 Wheelbarrow
15:04 Town Watch
24:59 Castle Age
27:40 Crossbowman
30:35 Elite Skirmisher
34:44 Gambesons
35:00 Squires
35:02 Man-at-Arms
35:37 Pikeman
36:42 Forging
36:33 Scale Mail Armor
36:38 Scale Barding Armor
36:34 Padded Archer Armor
36:23 Long Swordsman
44:11 Fletching
Connection lost

Rejoining the realm…

Still unreachable

The connection could not be restored.

Session expired

The server has moved on; the page needs a fresh start.